AoeStats
← Zipreoy

Hideout

508209751Analyzed
1v1 RM · 11d ago on Sep 21, 2026· 38m 19s· 2 players
Game mode
Random Map
Map size
Tiny (2 player)
Population
200
Speed
Normal
Resources
Standard
Victory
Conquest
Starting age
Dark Age
Ending age
Imperial Age
RankedLock teamsTeams togetherTeam positionsShared explorationLock speedFull tech treeHidden civsTurbo modeCheats
Victory
Defeat
🇲🇲 Italians · Myanmar (Burma)
700
+20
🇨🇳 Spanish · China
780
-48
Wai-Yan-Tun
3:26 Loom
10:46 Feudal Age
11:52 Double-Bit Axe
16:44 Castle Age
16:54 Castle Age
17:17 Wheelbarrow
17:49 Bow Saw
19:19 Fervor
22:47 Sanctity
23:11 Murder Holes
29:44 Imperial Age
27:22 Horse Collar
27:37 Gold Mining
28:34 Hand Cart
30:35 Elite Skirmisher
33:33 Fletching
33:43 Padded Archer Armor
33:48 Onager
35:08 Thumb Ring
35:00 Bodkin Arrow
35:28 Ballistics
Zipreoy
11:24 Feudal Age
18:42 Castle Age
24:45 Gold Mining
24:49 Stone Mining
24:46 Double-Bit Axe
24:44 Horse Collar
32:30 Scale Barding Armor
Connection lost

Rejoining the realm…

Still unreachable

The connection could not be restored.

Session expired

The server has moved on; the page needs a fresh start.